 Dungeon Crawl Stone Soup version 0.29-a0-495-g17b79114eb (console) character file.

Game seed: 6171258350984047400

86009 om the Tortoise (level 15, -1/79 HPs)
             Began as a Gargoyle Earth Elementalist on May 26, 2022.
             Was a High Priest of Vehumet.
             Slain by a +1 scimitar of holy wrath (10 damage)
             ... on level 1 of the Elven Halls on May 27, 2022.
             The game lasted 01:55:48 (37557 turns).

om the Tortoise (Gargoyle Earth Elementalist)      Turns: 37557, Time: 01:55:48

Health: -1/79      AC: 44    Str: 14    XL:     15   Next: 85%
Magic:  39/39      EV: 14    Int: 24    God:    Vehumet [*****.]
Gold:   2203       SH:  5    Dex: 10    Spells: 1/37 levels left

rFire   + . .      SeeInvis .   J - +2 demon whip (flame)
rCold   + + .      Faith    .   e - +0 buckler
rNeg    + + .      Spirit   .   m - +12 pearl dragon scales of Gubbof {+Blink rPois rC+ rN+ Int+3}
rPois   ∞          Reflect  .   (no helmet)
rElec   +          Harm     .   p - +0 cloak {Will+}
rCorr   +          Rampage  .   (no gloves)
Will    +++..                   v - +0 pair of boots
Stlth   ..........              (no amulet)
HPRegen 0.23/turn               x - ring of magical power
MPRegen 0.26/turn               j - ring "Cujyri Zez" {Will+ EV+4}

@: resistant, flying
A: sickness immunity, AC +11, big wings, negative energy resistance 1,
electricity resistance, torment resistance 1, petrification resistance, hooves
1, shaggy fur 1
a: Renounce Religion, Evoke Blink


You were on level 1 of the Elven Halls.
You worshipped Vehumet.
Vehumet was extremely pleased with you.
You visited 6 branches of the dungeon, and saw 24 of its levels.

You collected 2578 gold pieces.
You spent 375 gold pieces at shops.

Inventory:

Hand Weapons
 h - a +1 whip of freezing
 J - a +2 demon whip of flaming (weapon)
 M - a +0 short sword of distortion
Missiles
 a - 519 stones
 I - 7 throwing nets
Armour
 b - a +0 robe
 e - a +0 buckler (worn)
 m - the +12 pearl dragon scales of Gubbof (worn) {+Blink rPois rC+ rN+ Int+3}
   (You acquired it on level 6 of the Dungeon)

   Int:       It affects your intelligence (+3).
   rC:        It protects you from cold.
   rPois:     It protects you from poison.
   rN:        It protects you from negative energy.
   +Blink:    It lets you blink.
 p - a +0 cloak of willpower (worn)
 v - a +0 pair of boots (worn)
 y - +0 steam dragon scales
 N - a scarf of shadows
Jewellery
 j - the ring "Cujyri Zez" (right hand) {Will+ EV+4}
   (You acquired it on level 3 of the Lair of Beasts)

   [ring of evasion]

   EV:        It affects your evasion (+4).
   Will:      It increases your willpower.
 q - a +6 ring of dexterity
 x - a ring of magical power (left hand)
 L - a ring of see invisible
 V - an amulet of guardian spirit
Wands
 c - a wand of acid (11)
 s - a wand of iceblast (3)
 u - a wand of polymorph (15)
 B - a wand of flame (34)
 G - a wand of digging (10)
 Q - a wand of paralysis (2)
 U - a wand of mindburst (6)
Scrolls
 f - 4 scrolls of magic mapping
 l - 2 scrolls of vulnerability
 t - a scroll of teleportation
 w - a scroll of enchant weapon
 A - 3 scrolls of enchant armour
 C - a scroll of poison
 D - 2 scrolls of torment
 H - 9 scrolls of identify
 P - a scroll of immolation {unknown}
 R - 2 scrolls of brand weapon
 S - a scroll of amnesia
Potions
 d - 2 potions of curing
 i - 5 potions of ambrosia
 k - a potion of magic
 n - 7 potions of flight
 o - 5 potions of might
 r - 3 potions of haste
 z - 2 potions of berserk rage
 E - 3 potions of lignification
 F - 2 potions of brilliance
 K - 2 potions of cancellation
 O - a potion of invisibility


   Skills:
 + Level 3.7 Fighting
 * Level 8.9(9.0) Maces & Flails
 - Level 1.5(5.8) Staves
 * Level 15.7 Armour
 - Level 4.1 Dodging
 - Level 2.7 Stealth
 - Level 6.0 Shields
 * Level 11.6 Spellcasting
 * Level 8.5 Conjurations
 - Level 4.5 Hexes
 * Level 5.3 Summonings
 - Level 6.0 Transmutations
 - Level 8.0 Earth Magic
 - Level 9.0 Poison Magic


You had one spell level left.
You knew the following spells:

 Your Spells              Type           Power      Damage    Failure   Level
a - Sandblast             Erth           100%       2d20      1%          1
b - Passwall              Tmut/Erth      39%        N/A       1%          2
c - Stone Arrow           Conj/Erth      100%       3d13      1%          3
d - Sting                 Tmut/Pois      100%       1d8       1%          1
e - Poisonous Vapours     Pois/Air       70%        N/A       1%          2
f - Olgreb's Toxic Radia  Pois           54%        N/A       1%          4
g - Petrify               Tmut/Erth      47%        N/A       11%         4
h - Mephitic Cloud        Conj/Pois/Air  41%        N/A       1%          3
i - Yara's Violent Unrav  Hex/Tmut       19%        3d9       16%         5
j - Fulminant Prism       Conj/Hex       22%        3d13      3%          4
k - Call Canine Familiar  Summ           39%        N/A       6%          3
l - Hailstorm             Conj/Ice       34%        3d9       9%          4

Your spell library contained the following spells:

 Spells                   Type           Power      Damage    Failure   Level
 Eringya's Noxious Bog    Tmut/Pois      24%        N/A       32%         6
 Magic Dart               Conj           100%       1d8       1%          1
 Summon Small Mammal      Summ           100%       N/A       1%          1
 Freeze                   Ice            52%        1d7       5%          1
 Searing Ray              Conj           100%       2d8       1%          2
 Wereblood                Tmut           42%        N/A       2%          2
 Inner Flame              Hex/Fire       24%        N/A       6%          3
 Irradiate                Conj/Tmut      24%        3d21      7%          5
 Summon Guardian Golem    Hex/Summ       37%        N/A       8%          3
 Tukima's Dance           Hex            35%        N/A       9%          3
 Frozen Ramparts          Ice            26%        1d4       16%         3
 Cause Fear               Hex            17%        N/A       28%         4
 Gell's Gravitas          Tloc           13%        N/A       50%         3
 Teleport Other           Tloc           13%        N/A       50%         3
 Corpse Rot               Necr/Pois/Air  28%        N/A       50%         4
 Animate Dead             Necr           13%        N/A       88%         4
 Passage of Golubria      Tloc           13%        N/A       88%         4
 Dispersal                Tloc           6%         N/A       100%        6
 Haunt                    Necr/Summ      13%        N/A       100%        7
 Summon Hydra             Summ           19%        N/A       100%        7
 Discord                  Hex            17%        N/A       100%        8
 Infestation              Necr           6%         N/A       100%        8
 Sublimation of Blood     Necr           Unusable   N/A       N/A         2

Dungeon Overview and Level Annotations

Branches:
Dungeon (13/15)            Temple (1/1) D:4            Lair (6/6) D:10
 Spider (1/4) Lair:3        Slime (0/5) Lair:5          Orc (2/2) D:9
    Elf (1/3) Orc:2        Vaults (0/5) D:13
  Swamp: Lair:2-4    Shoals: Lair:2-4

Altars:
Ashenzari
Cheibriados
Dithmenos
Elyvilon
Fedhas
Gozag
Hepliaklqana
Kikubaaqudgha
Makhleb
Nemelex Xobeh
Okawaru
Qazlal
Ru
Sif Muna
Trog
Uskayaw
Vehumet
Wu Jian
Xom
Yredelemnul
Zin
The Shining One
Beogh
Jiyva

Shops:
D:10 !   Orc:1 (   Orc:2 [([*

Annotations:
Lair:3 3 runed translucent doors, Tulew's ghost, journeyman NaTm; Xeinaf's ghost, journeyman TrAr; Zazuam's ghost, journeyman DsMo


Innate Abilities, Weirdness & Mutations

You are immune to sickness and miasma.
Your stone body is resilient. (AC +11)
You are immune to poison.
Your large and strong wings let you fly.
You resist negative energy. (rN+)
You are resistant to electric shocks. (rElec)
You are resistant to unholy torment.
You are immune to petrification.
You have large cloven feet.
You are covered in fur. (AC +1)


Message History

You block the +1 scimitar of holy wrath's attack.
The deep elf pyromancer gestures wildly while chanting.
The deep elf pyromancer blinks!
The +1 scimitar of holy wrath hits you!
* * * LOW HITPOINT WARNING * * *
You feel yourself speed up.
You are covered in liquid flames!
* * * LOW HITPOINT WARNING * * *
The deep elf pyromancer casts a spell.
The deep elf pyromancer blinks!
You block the +1 scimitar of holy wrath's attack.
The deep elf zephyrmancer points at you and mumbles some strange words.
The bolt of lightning hits the +1 scimitar of holy wrath.
The +1 scimitar of holy wrath completely resists.
The bolt of lightning misses you.
Unknown command.
The +1 scimitar of holy wrath attacks as you move away!
The +1 scimitar of holy wrath hits you but does no damage.
The +1 scimitar of holy wrath attacks as you move away!
The +1 scimitar of holy wrath hits you but does no damage. x2
There is an open door here.
The deep elf zephyrmancer casts a spell.
The deep elf zephyrmancer blinks!
The deep elf zephyrmancer points at you and mumbles some strange words.
The bolt of lightning misses you.
The deep elf zephyrmancer gestures at you while chanting.
The bolt of lightning hits you. You resist.
* * * LOW HITPOINT WARNING * * *
The deep elf zephyrmancer gestures at you while chanting.
The bolt of lightning misses you.
There is an open door here.
You reach down and close the door.
Your extra speed is starting to run out.
There is an escape hatch in the floor here.
You feel yourself slow down.
Things that are here:
a +0 scale mail; a +0 long sword; a +0 long sword
Items here: )))))) [.
Items here: )))))) [.
The +1 scimitar of holy wrath hits you!
You die...

.. #..#...)...).............#
####..#.....................#
......#.....................#
......'...#############.....#
#######...###.# #.###..)..#
..........##..#####..##.....#
..........##..##<##..##.....#
>.........#....#)#....#.....#
..##)##...#....#@#....#.....#
(.#...#...#....#(#....#.....#
..#...#...#....#)#....#.....#
..#...#........[[...........#
..##'##.......8...8.........#
.......>....................#
..........#....#.#....#.....#
.##'###...#....#.#....#.....#
..... #...#....#.#....#.....#


You could see a +1 scimitar of holy wrath.

Vanquished Creatures
  A deep elf sorcerer (Orc:2)
  Josephine (D:10)
  A deep elf high priest (Orc:2)
  3 boulder beetles
  A vault guard (D:13)
  Harold (Orc:1)
  6 hydras
  A catoblepas (Lair:4)
  7 centaur warriors
  A death knight (D:13)
  3 two-headed ogres
  3 dancing weapons (Elf:1)
  A tengu warrior (D:13)
  A death yak (Lair:3)
  Sonja (Lair:5)
  3 orc high priests (Orc:2)
  3 deep elf knights (Elf:1)
  Amaemon (D:9)
  5 skeletal warriors
  A steelbarb worm (Lair:3)
  Pikel (D:4)
  2 deep elf archers (Elf:1)
  12 deep elf zephyrmancers (Elf:1)
  10 deep elf pyromancers
  5 orc knights (Orc:2)
  5 cyclopes
  5 orc sorcerers
  2 ugly things (D:13)
  2 manticores
  5 elephants
  Maurice (D:13)
  An ice statue (Lair:5)
  10 black mambas
  A gargoyle (D:12)
  An orange demon (D:10)
  9 cane toads
  A kobold demonologist (D:12)
  2 unseen horrors
  4 komodo dragons
  Psyche (D:10)
  4 freezing wraiths
  2 efreet (D:13)
  5 rime drakes
  2 ice devils
  5 polar bears
  6 trolls
  17 blink frogs
  2 hornets
  A tarantella (Lair:3)
  7 slime creatures
  9 dream sheep
  Sigmund (D:3)
  2 water elementals (D:12)
  10 wraiths
  3 wyverns
  36 yaks
  A fire elemental (Elf:1)
  6 steam dragons
  4 vampire mosquitoes
  5 wargs
  12 water moccasins
  21 orc warriors
  2 black bears
  An ice beast (D:6)
  3 wolves
  3 ogres
  5 centaurs
  A lemure (D:4)
  4 phantoms
  2 kobold brigands
  2 necrophages
  11 bullfrogs
  6 scorpions
  2 gnoll sergeants (D:10)
  A cane toad simulacrum (Lair:5)
  An earth elemental (Orc:2)
  13 wights
  14 killer bees
  2 howler monkeys
  6 electric eels (D:12)
  2 hounds
  Crazy Yiuf (D:2)
  15 orc priests
  2 jellies
  A gnoll shaman (D:9)
  3 iguanas
  19 orc wizards
  A spriggan simulacrum (Lair:5)
  A statue (D:13)
  A wolf simulacrum (Lair:5)
  Robin (D:4)
  20 gnolls
  A naga simulacrum (Lair:5)
  5 adders
  2 shadow imps
  2 white imps
  3 ufetubi
  7 worms
  3 dart slugs
  73 orcs
  3 bats (D:2)
  6 endoplasms
  8 giant cockroaches
  15 goblins
  6 hobgoblins
  4 jackals
  13 kobolds
  10 quokkas
  11 ball pythons
  3 frilled lizards
  3 rats
610 creatures vanquished.

Vanquished Creatures (collateral kills)
  An acid dragon (D:13)
1 creature vanquished.

Vanquished Creatures (others)
  A shadow (D:13)
  23 fulminant prisms
  27 fungi
  41 plants
  2 withered plants (Lair:3)
94 creatures vanquished.

Grand Total: 705 creatures vanquished

Notes
Turn   | Place    | Note
-------+----------+-------------------------------------------
     0 | D:1      | om the Gargoyle Earth Elementalist began the quest for the
                  | Orb.
     0 | D:1      | Reached XP level 1. HP: 10/10 MP: 3/3
    77 | D:1      | Found a faded altar of an unknown god.
   268 | D:1      | Reached XP level 2. HP: 6/15 MP: 1/5
   493 | D:1      | Learned a level 2 spell: Passwall
  1121 | D:2      | Reached skill level 1 in Transmutations
  1121 | D:2      | Reached XP level 3. HP: 18/19 MP: 3/6
  2090 | D:2      | Reached skill level 1 in Maces & Flails
  2090 | D:2      | Reached XP level 4. HP: 24/24 MP: 4/7
  2499 | D:2      | Found a runed translucent door.
  2500 | D:2      | Noticed Crazy Yiuf
  2509 | D:2      | Learned a level 3 spell: Stone Arrow
  2517 | D:2      | Killed Crazy Yiuf
  2718 | D:3      | Reached XP level 5. HP: 28/28 MP: 5/9
  2743 | D:3      | Noticed a kobold brigand
  2903 | D:3      | Killed a kobold brigand
  2904 | D:3      | Reached skill level 5 in Earth Magic
  3032 | D:3      | Reached XP level 6. HP: 20/32 MP: 11/11
  3242 | D:3      | Noticed Sigmund
  3248 | D:3      | Killed Sigmund
  3368 | D:3      | Learned a level 1 spell: Sting
  3371 | D:3      | Learned a level 2 spell: Poisonous Vapours
  3533 | D:3      | Reached XP level 7. HP: 30/36 MP: 7/13
  3812 | D:4      | Noticed Robin
  3817 | D:4      | Killed Robin
  4302 | D:4      | Reached skill level 1 in Staves
  4302 | D:4      | Reached skill level 1 in Poison Magic
  4587 | D:4      | Noticed Pikel
  4650 | D:4      | HP: 2/54 [Pikel/+1 whip of freezing (3)]
  4652 | D:4      | Killed Pikel
  4653 | D:4      | Reached skill level 5 in Spellcasting
  4653 | D:4      | Reached XP level 8. HP: 8/41 MP: 11/15
  4964 | D:4      | Found a staircase to the Ecumenical Temple.
  5005 | Temple   | Entered the Ecumenical Temple
  5238 | Temple   | Became a worshipper of Vehumet
  5617 | D:5      | Entered Level 5 of the Dungeon
  6158 | D:5      | Reached skill level 1 in Fighting
  7832 | D:6      | Identified a scroll of acquirement
  7832 | D:6      | Acquired the +12 pearl dragon scales of Gubbof {+Blink
                  | rPois rC+ rN+ Int+3}
  8003 | D:6      | Reached skill level 1 in Armour
  8061 | D:6      | Reached skill level 2 in Armour
  8061 | D:6      | Reached XP level 9. HP: 48/48 MP: 12/16
  8064 | D:6      | Reached skill level 3 in Armour
  8070 | D:6      | Reached skill level 4 in Armour
  8174 | D:6      | Found a shimmering blue altar of Sif Muna.
  8181 | D:6      | Found a shimmering altar of Xom.
  8241 | D:6      | Reached skill level 5 in Armour
  8948 | D:6      | Reached * piety under Vehumet
  8948 | D:6      | Offered knowledge of Shock by Vehumet.
  9027 | D:7      | Reached skill level 6 in Armour
  9091 | D:7      | Reached skill level 1 in Conjurations
  9337 | D:7      | Reached skill level 7 in Armour
  9341 | D:7      | Reached XP level 10. HP: 44/53 MP: 19/19
  9984 | D:7      | Noticed a cyclops
 10003 | D:7      | Killed a cyclops
 10644 | D:8      | Reached skill level 8 in Armour
 10644 | D:8      | Reached skill level 5 in Conjurations
 10903 | D:8      | Offered knowledge of Scorch by Vehumet.
 11146 | D:8      | Reached ** piety under Vehumet
 12408 | D:9      | Reached skill level 9 in Armour
 12676 | D:9      | Learned a level 4 spell: Olgreb's Toxic Radiance
 12699 | D:9      | Found a blossoming altar of Fedhas.
 12758 | D:9      | Reached XP level 11. HP: 57/57 MP: 23/23
 12801 | D:9      | Offered knowledge of Conjure Flame by Vehumet.
 13112 | D:9      | Reached *** piety under Vehumet
 13363 | D:9      | Found a staircase to the Orcish Mines.
 13500 | D:10     | Entered Level 10 of the Dungeon
 13685 | D:10     | Reached skill level 5 in Poison Magic
 13901 | D:10     | Offered knowledge of Mephitic Cloud by Vehumet.
 14183 | D:10     | Found Veryfy's Distillery.
 14191 | D:10     | Bought a potion of degeneration for 15 gold pieces
 14191 | D:10     | Bought a potion of lignification for 45 gold pieces
 14191 | D:10     | Bought 2 potions of cancellation for 240 gold pieces
 14191 | D:10     | Bought a potion of berserk rage for 75 gold pieces
 14198 | D:10     | Found a staircase to the Lair.
 14289 | D:10     | Noticed Amaemon
 14306 | D:9      | Killed Amaemon
 14307 | D:9      | Reached skill level 10 in Armour
 14611 | D:10     | Noticed Psyche
 14616 | D:10     | Killed Psyche
 14854 | D:11     | Noticed Josephine
 14864 | D:10     | Killed Josephine
 15019 | D:11     | Noticed a two-headed ogre
 15025 | D:11     | Killed a two-headed ogre
 15326 | D:11     | Noticed a skeletal warrior
 15358 | D:11     | Noticed a skeletal warrior
 15360 | D:11     | Noticed a skeletal warrior
 15360 | D:11     | Noticed a skeletal warrior
 15363 | D:10     | Killed a skeletal warrior
 15462 | Lair:1   | Entered Level 1 of the Lair of Beasts
 15483 | Lair:1   | Reached XP level 12. HP: 62/62 MP: 24/25
 15663 | Lair:1   | Reached **** piety under Vehumet
 15665 | Lair:1   | Reached skill level 11 in Armour
 15728 | D:10     | Learned a level 4 spell: Petrify
 15732 | D:10     | Learned a level 3 spell: Mephitic Cloud
 15775 | Orc:1    | Entered Level 1 of the Orcish Mines
 15913 | Orc:2    | Entered Level 2 of the Orcish Mines
 15916 | Orc:2    | Offered knowledge of Ignite Poison by Vehumet.
 15917 | Orc:2    | Reached skill level 1 in Shields
 15925 | Orc:2    | Noticed a two-headed ogre
 16353 | Orc:1    | Killed a two-headed ogre
 16496 | Orc:2    | Found a burning altar of Makhleb.
 16595 | Orc:2    | Found a staircase to the Elven Halls.
 16924 | Orc:1    | Found Yruofru's Weapon Boutique.
 17486 | Orc:2    | Found Buos Awi's General Store.
 17489 | Orc:2    | Noticed an orc high priest
 17506 | Orc:2    | Gained mutation: You sometimes lose the ability to read
                  | scrolls when taking damage. [a neqoxec]
 17507 | Orc:2    | Gained mutation: Your body sometimes deteriorates upon
                  | taking damage. [a neqoxec]
 17766 | Orc:2    | Noticed an orc high priest
 17773 | Orc:2    | Killed an orc high priest
 17774 | Orc:2    | Reached skill level 12 in Armour
 17867 | D:9      | Lost mutation: Your body sometimes deteriorates upon taking
                  | damage. [potion of mutation]
 17867 | D:9      | Lost mutation: You sometimes lose the ability to read
                  | scrolls when taking damage. [potion of mutation]
 17867 | D:9      | Gained mutation: You have large cloven feet. [potion of
                  | mutation]
 17867 | D:9      | Gained mutation: You are covered in fur. (AC +1) [potion of
                  | mutation]
 18005 | Orc:2    | Killed an orc high priest
 18032 | Orc:2    | Reached skill level 5 in Shields
 18067 | Orc:2    | Reached ***** piety under Vehumet
 18067 | Orc:2    | Offered knowledge of Yara's Violent Unravelling by Vehumet.
 18232 | Orc:2    | Noticed an orc high priest
 18277 | Orc:2    | Killed an orc high priest
 18386 | Orc:2    | Found Qiggask's Armour Boutique.
 18387 | Orc:2    | Found Kemn's Antique Armour Emporium.
 18387 | Orc:2    | Found Celetita's Weapon Emporium.
 18499 | Orc:2    | Reached skill level 5 in Transmutations
 18499 | Orc:2    | Reached XP level 13. HP: 67/67 MP: 21/26
 18560 | Orc:2    | Learned a level 5 spell: Yara's Violent Unravelling
 19026 | Orc:1    | Noticed Harold
 19042 | Orc:1    | Killed Harold
 19043 | Orc:1    | Reached skill level 13 in Armour
 20375 | Lair:2   | Reached skill level 1 in Hexes
 20450 | Lair:2   | You fall into a shaft and drop 1 floor!
 20561 | Lair:3   | Found a hole to the Spider Nest.
 21150 | Lair:3   | Found a runed translucent gate.
 21151 | Lair:3   | Found a runed translucent gate.
 21152 | Lair:3   | Found a runed translucent gate.
 21153 | Lair:3   | Noticed Tulew's ghost (journeyman NaTm)
 21153 | Lair:3   | Noticed Zazuam's ghost (journeyman DsMo)
 21154 | Lair:3   | Noticed Xeinaf's ghost (journeyman TrAr)
 21154 | Lair:3   | Noticed Tulew's ghost (journeyman NaTm)
 21909 | Lair:4   | Identified the +6 mace of the Scroll {spect, rN+ Will+
                  | Str+3 Int-5}
 22481 | Lair:4   | Reached skill level 5 in Maces & Flails
 23481 | Lair:4   | Reached skill level 14 in Armour
 23683 | Lair:5   | Noticed Sonja
 23690 | Lair:5   | Killed Sonja
 24014 | Lair:4   | Reached skill level 10 in Spellcasting
 24363 | Lair:4   | Gained mutation: Your large and strong wings let you fly.
                  | [Gargoyle growth]
 24363 | Lair:4   | Reached XP level 14. HP: 55/72 MP: 26/28
 25383 | Lair:5   | Learned a level 4 spell: Fulminant Prism
 25733 | Lair:5   | Found a viscous altar of Jiyva.
 25734 | Lair:5   | Found a staircase to the Slime Pits.
 25949 | Lair:6   | Entered Level 6 of the Lair of Beasts
 26311 | Lair:5   | Reached skill level 1 in Summonings
 27645 | Orc:1    | Acquired the ring "Cujyri Zez" {Will+ EV+4}
 27775 | Elf:1    | Entered Level 1 of the Elven Halls
 28297 | Elf:1    | Reached skill level 15 in Armour
 28304 | Elf:1    | Noticed a deep elf sorcerer
 28689 | Spider:1 | Entered Level 1 of the Spider Nest
 28861 | Lair:3   | Learned a level 3 spell: Call Canine Familiar
 29735 | D:12     | Reached XP level 15. HP: 58/76 MP: 25/30
 31006 | D:13     | Offered knowledge of Eringya's Noxious Bog by Vehumet.
 31006 | D:13     | Noticed Maurice
 31029 | D:13     | Killed Maurice
 31485 | D:13     | Found a radiant altar of Vehumet.
 34094 | D:13     | Identified the +1 scale mail "Korigh" {Dex+4}
 35005 | D:13     | Found a gate to the Vaults.
 36473 | Lair:3   | Learned a level 4 spell: Hailstorm
 36691 | Orc:2    | Killed a deep elf sorcerer
 36767 | Orc:2    | Reached skill level 5 in Summonings
 37055 | Orc:2    | Upgraded the game from 0.29-a0-490-g77b3608bb8 to
                  | 0.29-a0-495-g17b79114eb
 37505 | Elf:1    | HP: 3/79 [burnt (2)]
 37521 | Elf:1    | HP: 3/79 [deep elf zephyrmancer/bolt of lightning (3)]
 37557 | Elf:1    | Slain by a +1 scimitar of holy wrath

Illustrated notes

Levels and vault maps discovered:
D:1:      scummos_arrival_forest, layout_rooms,
          chequers_ecumenical_altar_island, minmay_misc_feat_secret_circle
D:2:      wad_river_or_something, layout_basic, minmay_heptomino_h4,
          uniq_crazy_yiuf_cottage
D:3:      layout_loops_ring, uniq_sigmund
D:4:      layout_rooms, minmay_temple_entry_hall, minmay_mini_jars, uniq_pikel,
          uniq_robin
D:5:      layout_layer_cave, hangedman_abyss_or_decor_jellyfish_corner
D:6:      layout_loops_ring, mainiacjoe_overflow_catwalk_spiral,
          due_unseen_surprise
D:7:      hangedman_cross_stitches, layout_loops_ring, minmay_crystal_room
D:8:      layout_basic
D:9:      layout_irregular_city, mainiacjoe_overflow_concentric_impassable,
          hiddenorc1_lemuel
D:10:     layout_rooms, lair_entry_dummy, serial_shops, nicolae_shop_stone,
          uniq_psyche, uniq_amaemon
D:11:     layout_irregular_city, uniq_josephine
D:12:     layout_basic, serial_bayou_pond_c, nooodl_orcs_dogs
D:13:     minmay_the_grid_four_pointed_star_mashed
          [minmay_the_grid_triangle_9x9_skeleton,
          minmay_the_grid_triangle_9x9_semitri,
          minmay_the_grid_triangle_9x9_odd_lines,
          minmay_the_grid_triangle_9x9_corrupted_corridor,
          minmay_the_grid_prize_four_corners], layout_grid_maze, david_vaults_5,
          vehumet_statue, uniq_maurice
Temple:   mainiacjoe_temple_bowtie_tessellation
Lair:1:   layout_gridlike
Lair:2:   layout_regular_city, minmay_shoals_entry_centaurs
Lair:3:   layout_cave_pods, nicolae_spider_entry_non_spiders,
          gammafunk_ghost_cemetery, minmay_shattered_shrine
Lair:4:   layout_loops_ring, st_stairs_9
Lair:5:   dreamdust_isle_of_ice, layout_hall_layers,
          dpeg_slime_entry_enclosed_altar, lemuel_old_faithful,
          infiniplex_staircase_pool_2, serial_bayou_shore_b, uniq_sonja
Lair:6:   gammafunk_lair_ancient_temple, layout_loops_ring,
          hellmonk_guarded_unrand_seven_league_boots
Spider:1: layout_spider_delve, nicolae_spider_wall_of_niches, uniq_louise
Orc:1:    layout_caves, serial_shops, nicolae_shop_bloodbath_and_beyond,
          uniq_harold
Orc:2:    st_orc_elflike, layout_caves, basic_altar, mines1_david
Elf:1:    eino_elf_arrival_shootout, layout_onion_city,
          ebering_ghost_inner_flame, minmay_elf_demonology,
          hangedman_elf_simple_split

Skill      XL: |  1  2  3  4  5  6  7  8  9 10 11 12 13 14 15 |
---------------+----------------------------------------------+-----
Earth Magic    | 4 5 6 8 |  8.0
Transmutations | 1 5 6 |  6.0
Maces & Flails | 1 3 6 7 8 |  8.9
Dodging        | 2 3 4 |  4.1
Spellcasting   | 3 4 5 6 8 9 10 11 | 11.6
Staves         | 1 |  1.5
Poison Magic   | 3 4 7 8 9 |  9.0
Fighting       | 2 3 |  3.7
Armour         | 2 7 9 10 12 14 15 | 15.7
Conjurations   | 3 6 7 8 |  8.5
Shields        | 6 |  6.0
Hexes          | 4 |  4.5
Summonings     | 3 5 |  5.3
Stealth        | |  2.7

Action                   |  1- 3 |  4- 6 |  7- 9 | 10-12 | 13-15 || total
-------------------------+-------+-------+-------+-------+-------++-------
Melee: Whip              |    61 |    17 |   173 |   263 |       ||   514
       Unarmed           |     2 |       |       |       |       ||     2
       Quarterstaff      |       |    60 |    60 |       |       ||   120
       Punch             |       |       |     2 |     4 |       ||     6
       Demon whip        |       |       |       |   173 |   695 ||   868
 Cast: Sandblast         |    34 |    27 |    72 |    33 |       ||   166
       Passwall          |     2 |       |     2 |       |     3 ||     7
       Poisonous Vapours |       |       |    14 |     7 |     7 ||    28
       Sting             |       |       |     9 |     8 |     1 ||    18
       Stone Arrow       |       |       |    21 |   177 |   428 ||   626
       Olgreb's Toxic Ra |       |       |       |    46 |    63 ||   109
       Mephitic Cloud    |       |       |       |     9 |    14 ||    23
       Petrify           |       |       |       |     1 |    19 ||    20
       Fulminant Prism   |       |       |       |       |    23 ||    23
       Call Canine Famil |       |       |       |       |     8 ||     8
       Yara's Violent Un |       |       |       |       |     1 ||     1
       Hailstorm         |       |       |       |       |     1 ||     1
 Abil: Evoke Blink       |       |       |       |     2 |     4 ||     6
Evoke: Wand              |       |       |     1 |       |       ||     1
  Use: Scroll            |     7 |     3 |     4 |     9 |    13 ||    36
       Potion            |     1 |     1 |     8 |     2 |    10 ||    22
 Stab: Sleeping          |     1 |     2 |       |       |       ||     3
       Petrified         |       |       |       |    12 |    47 ||    59
       Confused          |       |       |       |     1 |     1 ||     2
       Invisible         |       |       |       |       |     1 ||     1
       Petrifying        |       |       |       |       |     1 ||     1
Armor: Robe              |    36 |    46 |    75 |       |       ||   157
       Skin              |       |       |    28 |       |       ||    28
       Pearl dragon scal |       |       |   129 |   530 |   834 ||  1493
Dodge: Dodged            |    51 |    48 |   167 |   289 |   570 ||  1125
Block: Buckler           |       |       |       |    14 |   307 ||   321

Table legend: (Time is in decaauts)
 A = Elapsed time spent in this place.
 B = Non-inter-level travel time spent in this place.
 C = Inter-level travel time spent in this place.
 D = Time resting spent in this place.
 E = Time spent auto-exploring this place.
 F = Levels seen in this place.
 G = Mean time per level.
                   A        B        C        D        E       F      G
               +--------+--------+--------+--------+--------+-----+--------+
         Total |  37556 |  34974 |   2582 |  14612 |  14550 |  24 | 1564.8 |
       Dungeon |  23034 |  21584 |   1450 |   8066 |   9963 |  13 | 1771.8 |
        Temple |    258 |    205 |     53 |      0 |    191 |   1 |  258.0 |
          Lair |   9097 |   8337 |    760 |   3887 |   3123 |   6 | 1516.2 |
   Spider Nest |     17 |     17 |      0 |      0 |      4 |   1 |   17.0 |
  Orcish Mines |   4218 |   3910 |    308 |   2214 |   1163 |   2 | 2109.0 |
   Elven Halls |    928 |    919 |      9 |    445 |    106 |   1 |  928.0 |
               +--------+--------+--------+--------+--------+-----+--------+

Top non-repeatable levels by time:
    D:13: 3874 daAuts
  Lair:5: 3021 daAuts
   Orc:2: 2907 daAuts
    D:12: 2541 daAuts
  Lair:4: 2354 daAuts
  Lair:3: 2175 daAuts
     D:8: 1880 daAuts
     D:9: 1804 daAuts
     D:4: 1741 daAuts
    D:10: 1665 daAuts
     D:5: 1553 daAuts
     D:6: 1541 daAuts
     D:2: 1492 daAuts
     D:7: 1381 daAuts
     D:3: 1364 daAuts
